Map: 이페머론 - 래더

Players

soO - Winner!

  • Race: Zerg Zerg
  • Spawn Location: 11:00

Armani

  • Race: Zerg Zerg
  • Spawn Location: 5:00

Event: IEM Katowice 2020

VOD

Have the link to the VOD?

Description

Time

  • Played on: Feb. 27, 2020, 9:17 a.m.
  • Length: 2:34

All games in this series

Show
View Real Time Build Order
Export as new Build Order

soO Zerg - Winner!

Build Orders: Hatch First 

Get SALT Encoding   

  12  0:00  Drone  
  13  0:12  Overlord  
  13  0:16  Drone  
  14  0:30  Drone  
  14  0:31  Drone  
  16  0:47  Hatchery  
  15  0:51  Drone  
  15  0:55  Drone  
  17  0:58  Drone  
  18  1:09  Extractor  
  17  1:14  Spawning Pool  
  17  1:17  Drone  
  17  1:20  Drone  
  18  1:28  Drone  
  19  2:01  Zergling x6  
  19  2:02  Zergling x2  
  24  2:11  Zergling x2  
  24  2:14  Zergling x2  
Show
View Real Time Build Order
Export as new Build Order

Armani Zerg 

Build Orders: Pool First 

Get SALT Encoding   

  12  0:17  Spawning Pool  
  11  0:22  Drone  
  11  0:26  Drone  
  13  0:31  Drone  
  14  0:40  Overlord  
  14  1:05  Zergling x4  
  14  1:06  Zergling x2  
  17  1:16  Zergling x2  
  18  1:29  Hatchery  
  18  1:30  Zergling x2  
  18  1:35  Spine Crawler  
  19  1:40  Zergling x2  
  19  1:50  Zergling x2  
  21  2:06  Spine Crawler  
  20  2:09  Spine Crawler  
  20  2:11  Spine Crawler  

Tags
 
Add a new tag
Caveats
  • Supply blocks, unpowered buildings, or Contaminate may cause inaccurate times.
  • Supply counts are checked every 10 seconds.